 Dungeon Crawl Stone Soup version 0.22-a0-162-g33bf127 (webtiles) character file.

7389 KristoblXynda the Carver (level 10, -7/84 HPs)
             Began as a Yellow Draconian Gladiator on Feb 12, 2018.
             Was an Elder of Fedhas.
             Mangled by a two-headed ogre
             ... wielding a +0 giant spiked club
              (17 damage)
             ... on level 9 of the Dungeon.
             The game lasted 00:22:35 (10949 turns).

KristoblXynda the Carver (DrGl)                    Turns: 10949, Time: 00:22:36

Health: -7/84      AC:  8    Str: 17    XL:     10   Next: 92%
Magic:  12/12      EV: 17    Int: 12    God:    Fedhas [****..]
Gold:   417        SH:  0    Dex: 12    Spells: 9/9 levels left

rFire    . . .     SeeInvis .   a - +1 long sword (venom)
rCold    . . .     Gourm    .   (no shield)
rNeg     . . .     Faith    .   (armour unavailable)
rPois    .         Spirit   .   b - +1 hat
rElec    .         Reflect  .   (no cloak)
rCorr    +         Harm     .   (no gloves)
MR       .....                  (no boots)
Stlth    ++........             (no amulet)
HPRegen  0.24/turn              k - ring of stealth
MPRegen  0.13/turn              (no ring)

@: short of breath, hasted, very quick
A: spit acid, acid resistance, unfitting armour, cold-blooded, AC +7
a: Breathe Acid, Fungal Bloom, Evolution, Sunlight, Growth, Reproduction,
Renounce Religion


You were on level 9 of the Dungeon.
You worshipped Fedhas.
Fedhas was greatly pleased with you.
You were not hungry.

You visited 2 branches of the dungeon, and saw 10 of its levels.

You collected 417 gold pieces.

Inventory:

Hand Weapons
 a - a +1 long sword of venom (weapon)
Missiles
 c - 3 throwing nets (quivered)
Armour
 b - a +1 hat (worn)
Jewellery
 k - a ring of stealth (left hand)
Wands
 q - a wand of acid (4)
Scrolls
 e - 2 scrolls of enchant armour
 f - 2 scrolls of amnesia
 j - 9 scrolls of remove curse
 l - 2 scrolls of immolation
 p - 4 scrolls of enchant weapon
 r - 3 scrolls of teleportation
 t - a scroll of fog
Potions
 g - a potion of cancellation
 i - a potion of haste
 m - 2 potions of ambrosia {unknown}
 n - a potion of magic
 o - a potion of agility
 s - a potion of curing
 u - a potion of mutation {unknown}
Books
 h - a book of Minor Magic

   Spells                             Type                      Level
   a - Magic Dart                     Conjuration                  1
   b - Blink                          Translocation                2
   c - Call Imp                       Summoning                    2
   d - Slow                           Hexes                        2
   e - Conjure Flame                  Conjuration/Fire             3
   f - Mephitic Cloud                 Conjuration/Poison/Air       3
 v - a book of Power

   Spells                             Type                      Level
   a - Iskenderun's Battlesphere      Conjuration/Charms           5
   b - Venom Bolt                     Conjuration/Poison           5
   c - Bolt of Magma                  Conjuration/Fire/Earth       5
   d - Iron Shot                      Conjuration/Earth            6
   e - Orb of Destruction             Conjuration                  7
   f - Spellforged Servitor           Conjuration/Summoning        7
 w - a book of Cantrips

   Spells                             Type                      Level
   a - Confusing Touch                Hexes                        1
   b - Animate Skeleton               Necromancy                   1
   c - Summon Small Mammal            Summoning                    1
   d - Apportation                    Translocation                1
Comestibles
 d - 20 rations


   Skills:
 + Level 6.5 Fighting
 * Level 12.7 Long Blades
 - Level 2.0 Throwing
 + Level 8.8 Dodging
 - Level 3.1 Invocations


You had 9 spell levels left.
You didn't know any spells.

Dungeon Overview and Level Annotations

Branches:
Dungeon (9/15)             Temple (1/1) D:6
   Lair: D:8-11         Orc: D:9-12

Altars:
Ashenzari
Cheibriados
Dithmenos
Elyvilon
Fedhas
Gozag
Hepliaklqana
Kikubaaqudgha
Makhleb
Nemelex Xobeh
Okawaru
Qazlal
Ru
Sif Muna
Trog
Uskayaw
Vehumet
Wu Jian
Xom
Yredelemnul
Zin
The Shining One

Shops:
D:5 %   D:8 *


Innate Abilities, Weirdness & Mutations

You can spit globs of acid.
You are resistant to acid.
Your golden yellow scales are hard. (AC +7)
You cannot fit into any form of body armour.
You are cold-blooded and may be slowed by cold attacks.


Message History

The two-headed ogre hits you with a giant spiked club!!
* * * LOW HITPOINT WARNING * * *
Okay, then.
Evoke which item? (* to show all) (? for menu, Esc to quit)
Aiming: Corrosive Bolt
Press: ? - help, Shift-Dir - straight line, f - orc
Aim: an orc, wielding a flail and wearing a chain mail The bolt of acid hits the orc.
The orc is splashed with acid.
The acid corrodes the orc!
You kill the orc!
The bolt of acid hits the two-headed ogre.
The two-headed ogre is splashed with acid.
The acid corrodes the two-headed ogre!
The two-headed ogre is heavily wounded.
The bolt of acid hits the orc.
The orc is splashed with acid.
The acid corrodes the orc!
You kill the orc!
The two-headed ogre hits you with a giant spiked club!
You die...
Fedhas appreciates your contribution to the ecosystem.

. .. #.# # #.##
# #..## # . #
#...## # .. #.
#...>## #
#'#.##...O.# #
#...#..)@## #
#o8)o)..## #
#...#).##
#############f##
)..#........f##
.)###.......##
.).#....)..##
(<[..[.[..##
.)[......##


You could see a two-headed ogre, 2 orcs and 2 friendly wandering mushrooms.

Vanquished Creatures
  The ghost of mhoghedin the Fighter, a journeyman DrAr of Kikubaaqudgha (D:9)
  The ghost of mhoghedin the Sneak, a novice DrEE (D:5)
  A dream sheep (D:8)
  A yak (D:8)
  Duvessa (D:4)
  A water moccasin (D:7)
  2 orc warriors (D:9)
  A slave (D:9)
  2 black bears (D:7)
  5 ogres
  2 phantoms
  2 ice beasts
  2 centaurs
  A crocodile (D:7)
  4 big kobolds
  9 bullfrogs
  4 scorpions
  Dowan (D:4)
  7 crimson imps
  A bullfrog zombie (D:8)
  6 hounds
  5 orc priests
  A bullfrog skeleton (D:4)
  2 jellies
  A gnoll shaman (D:6)
  7 orc wizards
  2 centaur skeletons
  5 iguanas
  5 worker ants
  A hound zombie (D:5)
  A hound skeleton (D:8)
  A howler monkey zombie (D:5)
  10 gnolls
  11 adders
  A shadow imp (D:7)
  An adder skeleton (D:5)
  4 worms
  A dart slug (D:5)
  7 leopard geckos
  54 orcs
  3 giant cockroaches
  6 goblins
  5 hobgoblins
  12 jackals
  4 quokkas
  5 bats
  5 frilled lizards
  2 jackal skeletons
  A jackal zombie (D:7)
  14 kobolds
  A quokka zombie (D:7)
  9 rats
  4 toadstools
246 creatures vanquished.

Vanquished Creatures (collateral kills)
  A hydra (D:8)
  A two-headed ogre (D:8)
  Pikel (D:9)
  A troll (D:9)
  A dream sheep (D:8)
  A yak (D:8)
  An orc warrior (D:8)
  A centaur (D:8)
  2 big kobolds
  4 howler monkeys (D:9)
  A jelly (D:7)
  4 orc priests (D:9)
  2 orc wizards (D:9)
  A worker ant (D:9)
  A killer bee zombie (D:9)
  2 gnolls (D:9)
  10 orcs (D:9)
  2 jackals (D:9)
  5 kobolds (D:9)
42 creatures vanquished.

Vanquished Creatures (others)
  A slave (D:9)
  A howler monkey (D:9)
  An orc (D:9)
  5 wandering mushrooms (D:9)
  185 toadstools
193 creatures vanquished.

Grand Total: 481 creatures vanquished

Notes
Turn   | Place    | Note
-------+----------+-------------------------------------------
     0 | D:1      | KristoblXynda the Draconian Gladiator began the quest for the Orb.
     0 | D:1      | Reached XP level 1. HP: 17/17 MP: 1/1
   360 | D:1      | Reached XP level 2. HP: 15/24 MP: 2/2
   644 | D:2      | Found a burning altar of Makhleb.
  1004 | D:2      | Found a faded altar of an unknown god.
  1013 | D:2      | Reached XP level 3. HP: 16/29 MP: 3/3
  1189 | D:2      | Found a deep blue altar of Sif Muna.
  1286 | D:2      | Reached skill level 4 in Long Blades
  1561 | D:3      | Reached XP level 4. HP: 28/36 MP: 4/4
  1888 | D:3      | Noticed a moth of wrath
  1891 | D:3      | Found a bloodstained altar of Trog.
  2479 | D:3      | Reached XP level 5. HP: 41/41 MP: 5/5
  2483 | D:3      | Reached skill level 5 in Long Blades
  2534 | D:3      | Found a blossoming altar of Fedhas.
  2545 | D:3      | Found a sparkling altar of Nemelex Xobeh.
  2696 | D:3      | Became a worshipper of Fedhas Madash
  2779 | D:4      | Noticed a phantom
  2784 | D:4      | Noticed Dowan
  2836 | D:4      | Reached XP level 6. HP: 37/48 MP: 6/6
  2855 | D:4      | Killed Dowan
  2855 | D:4      | Reached skill level 6 in Long Blades
  2865 | D:4      | Noticed Duvessa
  2925 | D:4      | Killed Duvessa
  2925 | D:4      | Your scales start taking on a golden yellow colour.
  2925 | D:4      | Reached XP level 7. HP: 24/55 MP: 7/7
  3393 | D:4      | Reached skill level 7 in Long Blades
  3393 | D:4      | Reached skill level 5 in Dodging
  3722 | D:4      | Found an ancient bone altar of Kikubaaqudgha.
  3722 | D:4      | Found a glowing golden altar of the Shining One.
  3787 | D:4      | Found a sacrificial altar of Ru.
  4000 | D:5      | Entered Level 5 of the Dungeon
  4048 | D:5      | Found Seibekan's Food Shoppe.
  4067 | D:5      | Reached * piety under Fedhas
  4136 | D:5      | Noticed mhoghedin's ghost (novice DrEE)
  4499 | D:5      | Killed mhoghedin's ghost
  4499 | D:5      | Reached skill level 8 in Long Blades
  4499 | D:5      | Reached XP level 8. HP: 24/61 MP: 8/8
  5096 | D:5      | Reached skill level 9 in Long Blades
  5601 | D:6      | Found an ornate altar of the Wu Jian Council.
  5660 | D:6      | Reached skill level 1 in Invocations
  5822 | D:6      | Reached ** piety under Fedhas
  5916 | D:6      | Reached XP level 9. HP: 45/67 MP: 10/10
  6397 | D:6      | Found a deep blue altar of Sif Muna.
  6587 | D:6      | Reached skill level 10 in Long Blades
  6605 | D:6      | Found a staircase to the Ecumenical Temple.
  6611 | Temple   | Entered the Ecumenical Temple
  8016 | D:7      | Found a shadowy altar of Dithmenos.
  8236 | D:7      | Found a stormy altar of Qazlal.
  8500 | D:8      | Found an opulent altar of Gozag.
  8501 | D:8      | Found a glowing silver altar of Zin.
  8578 | D:8      | Reached skill level 11 in Long Blades
  8802 | D:8      | Noticed a three-headed hydra
  8822 | D:8      | Killed a four-headed hydra
  8822 | D:8      | Reached XP level 10. HP: 45/80 MP: 12/12
  8916 | D:8      | Found an ancient bone altar of Kikubaaqudgha.
  8968 | D:8      | Noticed a two-headed ogre
  8989 | D:8      | Killed a two-headed ogre
  8989 | D:8      | Reached skill level 5 in Fighting
  9288 | D:8      | Found Boliloo's General Store.
  9528 | D:9      | Reached skill level 12 in Long Blades
  9911 | D:9      | Reached *** piety under Fedhas
 10103 | D:9      | Noticed Pikel
 10119 | D:9      | Killed Pikel
 10501 | D:9      | Noticed mhoghedin's ghost (journeyman DrAr)
 10529 | D:9      | Killed mhoghedin's ghost
 10705 | D:9      | Reached **** piety under Fedhas
 10932 | D:9      | Noticed a two-headed ogre
 10949 | D:9      | Mangled by a two-headed ogre

Vault maps used:
D:1:      lightli_arrival_noodles
D:2:      overflow_temple_1_default, chequers_ecumenical_altar_island,
          led_sif_pool
D:3:      amethyst_overflow_temple_binary, st_stairs_5, tgw_trog
D:4:      gammafunk_temple_overflow_elements, nicolae_ru_path_of_blood,
          hangedman_decor_riveting, uniq_duvessa
D:5:      serial_shops, shop, first_ration, kennysheep_potato
D:6:      old_standard_altar, lemuel_doored_altar, minmay_temple_entry_fiery
D:7:      nicolae_overflow_hidden_temple, grunt_dithmenos_smoke
D:8:      grunt_temple_overflow_gold_and_silver, serial_shops, shop,
          basic_altar, hangedman_ranch
D:9:      hiddenorc2_lemuel, uniq_pikel
Temple:   minmay_temple_curvy_loop

Skill      XL: |  1  2  3  4  5  6  7  8  9 10 |
---------------+-------------------------------+-----
Throwing       | 2 |  2.0
Dodging        | 3 4 5 6 7 8 |  8.8
Long Blades    | 4 5 6 8 9 11 12 | 12.7
Invocations    | 2 3 |  3.1
Fighting       | 4 6 |  6.5

Action                   |  1- 3 |  4- 6 |  7- 9 | 10-12 || total
-------------------------+-------+-------+-------+-------++-------
Melee: Long sword        |    79 |   182 |   400 |   184 ||   845
       Tailslap          |     8 |    24 |    67 |    31 ||   130
Throw: Throwing net      |       |     2 |       |       ||     2
Invok: Fungal Bloom      |       |     2 |    27 |    26 ||    55
       Evolution         |       |       |     3 |     5 ||     8
 Abil: Breathe Acid      |       |       |     9 |     5 ||    14
Evoke: Wand              |       |       |       |     2 ||     2
  Use: Potion            |     1 |     6 |     2 |     3 ||    12
       Scroll            |       |     5 |     8 |       ||    13
 Stab: Sleeping          |     2 |       |     9 |       ||    11
  Eat: Chunk             |     2 |     4 |    10 |       ||    16
       Ration            |       |       |     4 |     2 ||     6
Armor: Skin              |    38 |    46 |   123 |    49 ||   256
Dodge: Dodged            |    80 |   130 |   304 |   172 ||   686
       Rpst.: Long sword |    21 |    32 |    94 |    38 ||   185

Table legend:
 A = Spawn XP
 B = Non-spawn XP
 C = Spawn XP percentage of total XP
 D = Spawn monster count
 E = Non-spawn monster count
 F = Spawn count percentage of total count
 G = Total turns spent on level
                    A         B        C        D         E        F      G
               +---------+---------+-------+---------+---------+-------+---------
         Total |       0 |   10556 |   0.0 |       0 |     284 |   0.0 | 10949
               +---------+---------+-------+---------+---------+-------+---------
           D:1 |       0 |      20 |   0.0 |       0 |      11 |   0.0 |   634
           D:2 |       0 |      53 |   0.0 |       0 |      10 |   0.0 |   842
           D:3 |       0 |     158 |   0.0 |       0 |      40 |   0.0 |  1246
           D:4 |       0 |     853 |   0.0 |       0 |      25 |   0.0 |  1549
           D:5 |       0 |     983 |   0.0 |       0 |      28 |   0.0 |   990
           D:6 |       0 |    1218 |   0.0 |       0 |      39 |   0.0 |  1912
           D:7 |       0 |     981 |   0.0 |       0 |      24 |   0.0 |  1063
           D:8 |       0 |    3485 |   0.0 |       0 |      28 |   0.0 |  1710
           D:9 |       0 |    2805 |   0.0 |       0 |      79 |   0.0 |   787
               +---------+---------+-------+---------+---------+-------+---------
